 Dungeon Crawl Stone Soup version 0.27.1-3-gb3d3a73c9e (webtiles) character file.

Game seed: 8090956489082661377

17396 CuBeRJAN3 the Thaumaturge (level 12, -9/74 HPs)
             Began as a Deep Elf Conjurer on Oct 27, 2021.
             Was a Believer of Sif Muna.
             Shot with an arrow by a centaur warrior (16 damage)
             ... on level 11 of the Dungeon.
             The game lasted 00:56:07 (18462 turns).

CuBeRJAN3 the Thaumaturge (Deep Elf Conjurer)      Turns: 18462, Time: 00:56:08

Health: -9/74      AC:  9    Str:  4    XL:     12   Next: 18%
Magic:  38/39      EV: 15    Int: 35    God:    Sif Muna [**....]
Gold:   668        SH:  0    Dex: 13    Spells: 14/36 levels left

rFire    . . .     SeeInvis +   c - +1 falchion (flame)
rCold    x . .     Faith    .   (no shield)
rNeg     . . .     Spirit   .   r - +3 robe of the Moon {rC- Will+ Int+6 SInv}
rPois    .         Reflect  .   n - +0 helmet
rElec    .         Harm     .   A - +2 cloak
rCorr    .         Rampage  .   (no gloves)
Will     +++..                  (no boots)
Stlth    ++++......             (no amulet)
HPRegen  0.22/turn              l - ring of willpower
MPRegen  0.26/turn              F - ring of magical power

@: no status effects
A: no striking features
a: Renounce Religion, Channel Magic


You were on level 11 of the Dungeon.
You worshipped Sif Muna.
Sif Muna was pleased with you.
You visited 2 branches of the dungeon, and saw 13 of its levels.

You collected 668 gold pieces.

Inventory:

Hand Weapons
 c - a +1 falchion of flaming (weapon)
Missiles
 j - 22 poisoned darts
Armour
 a - a +0 robe
 n - a +0 helmet (worn)
 r - the +3 robe of the Moon (worn) {rC- Will+ Int+6 SInv}
   (You found it on level 5 of the Dungeon)

   Int:       It affects your intelligence (+6).
   rC:        It makes you vulnerable to cold.
   SInv:      It lets you see invisible.
   Will:      It increases your willpower.
 A - a +2 cloak (worn)
 D - +0 steam dragon scales
 H - a +0 kite shield
Magical Staves
 d - a staff of fire
Jewellery
 l - a ring of willpower (left hand)
 m - a ring of fire
 C - a ring of ice
 F - a ring of magical power (right hand)
 I - a ring of positive energy
Wands
 h - a wand of digging (9)
 x - a wand of mindburst (13)
 G - a wand of acid (6)
 J - a wand of iceblast (6)
Scrolls
 e - 2 scrolls of noise
 f - 4 scrolls of immolation
 i - 6 scrolls of teleportation
 p - a scroll of enchant weapon
 q - a scroll of fear
 u - a scroll of magic mapping
 v - a scroll of amnesia {unknown}
 w - a scroll of holy word {unknown}
 y - a scroll of torment {unknown}
 B - a scroll of blinking {unknown}
 K - a scroll of vulnerability {unknown}
 L - a scroll of enchant armour {unknown}
Potions
 b - a potion of heal wounds
 g - a potion of magic
 k - 3 potions of degeneration
 o - 3 potions of curing {unknown}
 s - 2 potions of resistance {unknown}
 t - a potion of cancellation {unknown}
 z - 2 potions of haste {unknown}
 E - a potion of flight {unknown}


   Skills:
 * Level 8.2 Fighting
 - Level 1.1 Short Blades
 + Level 8.5 Dodging
 + Level 9.3 Stealth
 * Level 12.6 Spellcasting
 + Level 8.7 Conjurations
 + Level 7.1 Translocations
 + Level 3.0 Ice Magic
 + Level 5.3 Evocations


You had 14 spell levels left.
You knew the following spells:

 Your Spells              Type           Power      Damage    Failure   Level
a - Magic Dart            Conj           100%       1d8       1%          1
b - Searing Ray           Conj           100%       3d7       1%          2
c - Dazzling Flash        Conj/Hex       100%       N/A       1%          3
d - Iskenderun's Mystic   Conj/Tloc      67%        2d14      1%          4
e - Fulminant Prism       Conj/Hex       25%        3d14      3%          4
f - Passage of Golubria   Tloc           N/A        N/A       1%          4
g - Hailstorm             Conj/Ice       59%        3d13      1%          4

Your spell library contained the following spells:

 Spells                   Type           Power      Damage    Failure   Level
 Pain                     Necr           88%        1d8       1%          1
 Ensorcelled Hibernation  Hex/Ice        64%        N/A       1%          2
 Corpse Rot               Necr/Air       N/A        N/A       3%          2
 Spider Form              Tmut/Pois      11%        N/A       6%          3
 Summon Ice Beast         Ice/Summ       32%        N/A       10%         4
 Summon Forest            Summ/Tloc      23%        N/A       12%         5
 Dispel Undead            Necr           22%        3d12      19%         4
 Agony                    Necr           22%        N/A       47%         5
 Excruciating Wounds      Necr           11%        N/A       47%         5
 Summon Mana Viper        Hex/Summ       22%        N/A       47%         5
 Death Channel            Necr           11%        N/A       96%         6
 Shadow Creatures         Summ           N/A        N/A       96%         6
 Monstrous Menagerie      Summ           11%        N/A       100%        7


Dungeon Overview and Level Annotations

Branches:
Dungeon (12/15)            Temple (1/1) D:4            Lair (0/6) D:11
    Orc (0/2) D:9

Altars:
Ashenzari
Cheibriados
Dithmenos
Elyvilon
Fedhas
Gozag
Hepliaklqana
Kikubaaqudgha
Makhleb
Nemelex Xobeh
Okawaru
Qazlal
Ru
Sif Muna
Trog
Uskayaw
Vehumet
Wu Jian
Xom
Yredelemnul
Zin
The Shining One
Beogh

Annotations:
D:3 3 runed translucent doors, exclusion: 2 doors, Descartes's ghost, amateur DEFE
D:10 3 runed translucent doors, exclusions: 3 doors and 2 statues, glosham's ghost, journeyman DjEn


Message History

Aiming: Fulminant Prism (dangerous; 3% risk of failure)
Press: ? - help, Dir - move target, p - centaur warrior You conjure a prism of explosive energy!
A fulminant prism comes into view.
An arrow appears from out of your range of vision.
The arrow hits your fulminant prism!
An arrow appears from out of your range of vision.
The arrow hits your fulminant prism!
Your fulminant prism detonates feebly.
The centaur warrior shoots an arrow.
The arrow barely misses you.
The centaur warrior shoots an arrow.
The arrow hits you!
Casting: Fulminant Prism (dangerous; 3% risk of failure)
Confirm with . or Enter, or press ? or * to list all spells.
Aiming: Fulminant Prism (dangerous; 3% risk of failure)
Press: ? - help, Dir - move target You conjure a prism of explosive energy!
A fulminant prism comes into view.
The centaur warrior shoots an arrow.
The arrow hits your fulminant prism!!
Your fulminant prism detonates feebly.
A centaur comes into view. It is wielding a +0 shortbow.
There is an open door, spattered with blood here.
Items here: ( )) [.
The centaur warrior shoots an arrow.
The arrow hits you.
The centaur warrior shoots an arrow.
The arrow hits you!!
The centaur warrior shoots an arrow.
The arrow hits you!
The centaur warrior shoots an arrow.
The arrow hits you!
* * * LOW HITPOINT WARNING * * *
The centaur warrior shoots an arrow.
The arrow hits you!
* * * LOW HITPOINT WARNING * * *
You feel much better.
The centaur warrior shoots an arrow.
The arrow hits you!
* * * LOW HITPOINT WARNING * * *
The centaur warrior shoots an arrow.
The arrow barely misses you.
The centaur warrior shoots an arrow.
The arrow hits you!
* * * LOW HITPOINT WARNING * * *
The centaur warrior shoots an arrow.
The arrow hits you but does no damage.
There is a stone staircase leading up here.
The centaur warrior shoots an arrow.
The arrow hits you.
* * * LOW HITPOINT WARNING * * *
The centaur warrior shoots an arrow.
The arrow hits you!
You die...

#....................#....#...
#.......c............#.......#
#..................#'#.......#
#...##'###.........#.........#
#...#....#.........#.#########
#...#....#.........### .
#...'....#...........
####(..#....#...........
.......######...@.......
.......)..............##
......................#
#######################


You could see a centaur warrior.

Vanquished Creatures
  3 two-headed ogres
  3 death yaks
  Sonja (D:11)
  The ghost of Zkahoot the Thaumaturge, a novice DECj of Sif Muna (D:9)
  The ghost of Descartes the Tainter, a novice SpVM of Gozag (D:9)
  A gargoyle (D:11)
  2 hellwings (D:10)
  3 trolls
  2 hornets
  A meliai zombie (D:11)
  A vampire (D:11)
  6 yaks
  A wraith (D:5)
  8 vampire mosquitoes
  3 steam dragons
  2 acid dragons
  2 water moccasins (D:6)
  The ghost of harness the Caller, an amateur TeSu (D:4)
  A hornet zombie (D:9)
  6 orc warriors
  2 sky beasts
  2 black bears
  An ice beast (D:7)
  An ogre (D:6)
  5 centaurs
  A phantom (D:5)
  3 wyvern zombies
  3 bullfrogs
  A scorpion (D:7)
  3 killer bees (D:10)
  13 wights
  A vampire bat (D:5)
  8 centaur zombies
  A bullfrog zombie (D:7)
  4 jellies
  6 orc priests
  A hound (D:4)
  A gnoll shaman (D:5)
  2 bullfrog skeletons
  8 centaur skeletons
  5 iguanas
  Terence (D:3)
  10 orc wizards
  A hell rat (D:11)
  Robin (D:4)
  3 howler monkey zombies
  15 gnolls
  7 adders
  A river rat (D:11)
  2 hound simulacra (D:4)
  5 shadow imps
  4 white imps
  4 worms
  A dart slug (D:3)
  An adder simulacrum (D:4)
  25 orcs
  12 ball pythons
  2 bat skeletons (D:5)
  4 bat zombies (D:5)
  12 endoplasms
  3 giant cockroaches
  8 hobgoblins
  4 jackals (D:1)
  9 quokkas
  4 bats
  6 frilled lizards
  13 goblins
  7 kobolds
  8 rats
294 creatures vanquished.

Vanquished Creatures (others)
  36 fulminant prisms
  A fungus (D:2)
  15 plants
  5 withered plants (D:10)
57 creatures vanquished.

Grand Total: 351 creatures vanquished

Notes
Turn   | Place    | Note
-------+----------+-------------------------------------------
     0 | D:1      | CuBeRJAN3 the Deep Elf Conjurer began the quest for the
                  | Orb.
     0 | D:1      | Reached XP level 1. HP: 10/10 MP: 6/6
   193 | D:1      | Reached XP level 2. HP: 16/16 MP: 0/8
   263 | D:1      | Learned a level 2 spell: Searing Ray
   545 | D:1      | Reached skill level 1 in Fighting
   858 | D:2      | Reached XP level 3. HP: 20/20 MP: 2/10
  1104 | D:2      | Reached skill level 4 in Spellcasting
  1111 | D:2      | Reached skill level 1 in Short Blades
  1111 | D:2      | Reached XP level 4. HP: 25/25 MP: 0/12
  1238 | D:2      | Learned a level 3 spell: Dazzling Flash
  1243 | D:2      | Learned a level 4 spell: Iskenderun's Mystic Blast
  1447 | D:2      | Found a faded altar of an unknown god.
  1959 | D:3      | Noticed Terence
  1967 | D:3      | Killed Terence
  1968 | D:3      | Reached XP level 5. HP: 30/30 MP: 7/13
  2147 | D:3      | Found a runed translucent gate.
  2148 | D:3      | Identified the +7 mace "Giantslayer" {drain, rCorr Str+2
                  | SInv}
  2148 | D:3      | Noticed Descartes's ghost (amateur DEFE)
  2149 | D:3      | Found a runed translucent gate.
  2150 | D:3      | Found a runed translucent gate.
  3027 | D:4      | Reached skill level 5 in Spellcasting
  3027 | D:4      | Reached skill level 1 in Translocations
  3159 | D:4      | Noticed Robin
  3168 | D:4      | Killed Robin
  3339 | D:4      | Reached XP level 6. HP: 36/36 MP: 13/15
  3399 | D:4      | Found a runed translucent gate.
  3399 | D:4      | Found a runed translucent gate.
  3399 | D:4      | Found a runed translucent gate.
  3466 | D:4      | Identified the +2 ring mail of Routa {Str+7 Int-2}
  3700 | D:3      | Learned a level 4 spell: Fulminant Prism
  3772 | D:4      | Reached skill level 5 in Conjurations
  3915 | D:4      | Noticed harness's ghost (amateur TeSu)
  4070 | D:4      | Killed harness's ghost
  4159 | D:4      | Found a staircase to the Ecumenical Temple.
  4172 | Temple   | Entered the Ecumenical Temple
  4947 | D:5      | Entered Level 5 of the Dungeon
  4947 | D:5      | Noticed an orc warrior
  5276 | D:5      | Found .
  5331 | D:4      | Reached XP level 7. HP: 32/40 MP: 8/17
  5611 | D:5      | Reached skill level 6 in Spellcasting
  5920 | D:5      | Identified the +3 robe of the Moon {rC- Will+ Int+6 SInv}
  6037 | D:5      | Noticed a wraith
  6318 | D:5      | Killed a wraith
  6378 | D:5      | Reached XP level 8. HP: 43/48 MP: 6/20
  6563 | D:5      | Found an ancient bone altar of Kikubaaqudgha.
  6567 | D:5      | Reached skill level 7 in Spellcasting
  6901 | D:5      | Reached skill level 5 in Stealth
  7353 | D:6      | Reached skill level 5 in Dodging
  7623 | D:6      | Reached skill level 8 in Spellcasting
  7680 | D:6      | Noticed a two-headed ogre
  7687 | D:6      | Killed a two-headed ogre
  7688 | D:6      | Reached skill level 5 in Fighting
  7688 | D:6      | Reached XP level 9. HP: 32/54 MP: 2/23
  8094 | D:6      | Reached skill level 9 in Spellcasting
  8964 | D:7      | Reached skill level 1 in Evocations
  9331 | D:7      | Found an ornate altar of the Wu Jian Council.
 10470 | D:8      | Reached skill level 5 in Translocations
 10565 | D:8      | Reached XP level 10. HP: 48/60 MP: 13/25
 10665 | D:7      | Reached skill level 10 in Spellcasting
 10965 | D:8      | Found a stormy altar of Qazlal.
 11084 | D:7      | Found a sacrificial altar of Ru.
 12245 | D:8      | Found a shimmering blue altar of Sif Muna.
 12252 | D:8      | Became a worshipper of Sif Muna the Loreminder
 12298 | D:9      | Found a staircase to the Orcish Mines.
 12773 | D:9      | Found a runed translucent gate.
 12773 | D:9      | Found a runed translucent gate.
 12773 | D:9      | Found a runed translucent gate.
 12773 | D:9      | Noticed Descartes's ghost (novice SpVM)
 12804 | D:9      | Killed Descartes's ghost
 13026 | D:9      | Noticed a two-headed ogre
 13034 | D:9      | Killed a two-headed ogre
 13035 | D:9      | Reached skill level 11 in Spellcasting
 13206 | D:9      | Found a burning altar of Makhleb.
 13429 | D:9      | Found a shimmering altar of Xom.
 13523 | D:9      | Found a runed translucent gate.
 13523 | D:9      | Found a runed translucent gate.
 13523 | D:9      | Found a runed translucent gate.
 13523 | D:9      | Noticed Zkahoot's ghost (novice DECj)
 13525 | D:9      | Found a basalt altar of Yredelemnul.
 13616 | D:9      | Killed Zkahoot's ghost
 13617 | D:9      | Reached XP level 11. HP: 67/67 MP: 26/28
 13793 | D:10     | Entered Level 10 of the Dungeon
 14062 | D:10     | Found a sparkling altar of Nemelex Xobeh.
 14100 | D:10     | Noticed an archer statue
 14314 | D:10     | Reached * piety under Sif Muna
 14529 | D:10     | You fall into a shaft and drop 2 floors!
 14722 | D:11     | Got Sif Muna's Grimoire of the Glacier and the Traveller
 14728 | D:11     | Learned a level 4 spell: Passage of Golubria
 14733 | D:11     | Learned a level 4 spell: Hailstorm
 15334 | D:10     | Reached skill level 1 in Ice Magic
 15472 | D:10     | Found a runed translucent gate.
 15474 | D:10     | Found a runed translucent gate.
 15474 | D:10     | Noticed glosham's ghost (journeyman DjEn)
 15475 | D:10     | Found a runed translucent gate.
 15715 | D:10     | Reached skill level 12 in Spellcasting
 15872 | D:10     | Found a radiant altar of Vehumet.
 16300 | D:10     | Noticed an archer statue
 16499 | D:11     | Noticed a death yak
 16655 | D:11     | Reached ** piety under Sif Muna
 16830 | D:11     | Noticed a death yak
 16855 | D:11     | Noticed a death yak
 16858 | D:11     | Killed a death yak
 17109 | D:10     | Killed a death yak
 17110 | D:10     | Reached skill level 5 in Evocations
 17366 | D:11     | Killed a death yak
 17367 | D:11     | Reached XP level 12. HP: 17/73 MP: 12/30
 17644 | D:11     | Found a staircase to the Lair.
 17741 | D:11     | Noticed a two-headed ogre
 17750 | D:11     | Killed a two-headed ogre
 17950 | D:11     | Noticed Sonja
 17961 | D:11     | Killed Sonja
 18424 | D:11     | Noticed a centaur warrior
 18454 | D:11     | HP: 3/74 [centaur warrior/arrow (13)]
 18462 | D:11     | Shot with an arrow by a centaur warrior

Illustrated notes

Levels and vault maps discovered:
D:1:      dpeg_arrival_erosion, layout_rooms
D:2:      layout_rooms, shapermc_ecumenical_altar_ellora,
          wander_ebering_terrifying_dragon_lair
D:3:      layout_rooms, biasface_ghost_orc_armoury, uniq_terence
D:4:      layout_basic, temple_fountains, gammafunk_ghost_icy, minivault_24,
          uniq_robin
D:5:      layout_cave_pools, kennysheep_vampire_church,
          fedhas_bush_and_centaur_altar, serial_bayou_lake_a
D:6:      layout_rooms
D:7:      layout_rooms, nicolae_overflow_hidden_temple,
          mainiacjoe_overflow_surrounded_room
D:8:      layout_basic, nicolae_qazlal_general_emergency,
          nicolae_sif_muna_little_library
D:9:      layout_rooms, dk_xom_monty_hall, mainiacjoe_overflow_24_doors,
          nicolae_yredelemnul_ghost_church, ebering_ghost_rock_garden,
          minivault_24
D:10:     cheibrodos_grave_circle, layout_basic, nicolae_vehumet_radiance,
          nemelex_diamond_rough_becter, gammafunk_ghost_nasty_kobolds,
          minmay_dual_archer_statues
D:11:     layout_irregular_city, dpeg_lair_monsters, uniq_sonja
D:12:     layout_roguey
Temple:   minmay_temple_curvy_loop

Skill      XL: |  1  2  3  4  5  6  7  8  9 10 11 12 |
---------------+-------------------------------------+-----
Fighting       | 1 2 3 5 6 7 8 |  8.2
Spellcasting   | 4 5 6 8 9 11 12 | 12.6
Short Blades   | 1 |  1.1
Stealth        | 3 4 6 8 9 |  9.3
Dodging        | 3 4 5 6 7 8 |  8.5
Translocations | 1 2 4 5 6 7 |  7.1
Conjurations   | 5 6 7 8 |  8.7
Evocations     | 2 3 5 |  5.3
Ice Magic      | 2 3 |  3.0

Action                   |  1- 3 |  4- 6 |  7- 9 | 10-12 || total
-------------------------+-------+-------+-------+-------++-------
Melee: Dagger            |       |     4 |       |       ||     4
       Falchion          |       |       |       |     1 ||     1
 Cast: Magic Dart        |    70 |    85 |    74 |   122 ||   351
       Searing Ray       |     3 |    35 |    42 |    67 ||   147
       Iskenderun's Myst |       |     5 |    36 |   107 ||   148
       Fulminant Prism   |       |     2 |    11 |    23 ||    36
       Dazzling Flash    |       |     2 |       |       ||     2
       Hailstorm         |       |       |       |     7 ||     7
Evoke: Wand              |       |       |       |     2 ||     2
  Use: Scroll            |       |     5 |     3 |     1 ||     9
       Potion            |       |       |       |     2 ||     2
Armor: Robe              |       |     6 |    30 |    37 ||    73
Dodge: Dodged            |     2 |    30 |    76 |    96 ||   204
       Rpst.: Falchion   |       |     2 |    16 |    23 ||    41
